 Dungeon Crawl Stone Soup version 0.27.1-1-g398f81649c (webtiles) character file.

Game seed: 12400041826460325356

7 ZARRMARR the Cutter (level 2, 0/21 HPs)
             Began as an Octopode Monk on Sept 9, 2021.
             Slain by a kobold (5 damage)
             ... on level 1 of the Dungeon.
             The game lasted 00:00:32 (63 turns).

ZARRMARR the Cutter (Octopode Monk)                   Turns: 63, Time: 00:00:33

Health: 0/21       AC:  1    Str: 10    XL:     2   Next: 0%
Magic:  2/2        EV: 14    Int: 12    God:
Gold:   0          SH:  0    Dex: 14    Spells: 1/1 levels left

rFire    . . .     SeeInvis .   a - +0 short sword
rCold    . . .     Faith    .   (no shield)
rNeg     . . .     Spirit   .   (helmet restricted)
rPois    .         Reflect  .   (no amulet)
rElec    .         Harm     .   (no ring)
rCorr    .         Rampage  .   (no ring)
Will     .....                  (no ring)
Stlth    +++.......             (no ring)
HPRegen  0.07/turn              (no ring)
MPRegen  0.08/turn              (no ring)
                                (no ring)
                                (no ring)

@: no status effects
A: almost no armour, amphibious, 8 rings, camouflage 1, gelatinous body 1,
(nimble swimmer 1), tentacles
a: no special abilities


You were on level 1 of the Dungeon.
You visited 1 branch of the dungeon, and saw 1 of its levels.

Inventory:

Hand Weapons
 a - a +0 short sword (weapon)
Scrolls
 b - a scroll of amnesia {unknown}


   Skills:
 + Level 3.1 Fighting
 + Level 3.1 Short Blades
 + Level 3.1 Dodging
 + Level 3.0 Stealth


You had one spell level left.
You didn't know any spells.
Your spell library was empty.

Dungeon Overview and Level Annotations

Branches:
Dungeon (1/15)

Altars:


Innate Abilities, Weirdness & Mutations

You cannot wear most types of armour.
You are amphibious.
You can wear up to eight rings at the same time.
Your skin changes colour to match your surroundings (Stealth+).
Your rubbery body absorbs attacks. (AC +1, EV +1)
((You are camouflaged near water. (Stealth+)))
You have tentacles for arms and can constrict up to eight enemies at once.


Message History

You miss the kobold. Your grab misses the kobold. The kobold barely misses you.
You hit the dart slug. You grab the dart slug.
The dart slug is heavily wounded.
You constrict the dart slug. The kobold barely misses you.
You hit the dart slug.
The dart slug is severely wounded.
You constrict the dart slug.
The kobold hits you with a +0 short sword.
The dart slug bites you.
You hit the dart slug.
The dart slug is almost dead.
You constrict the dart slug.
You kill the dart slug!
The kobold closely misses you.
Your Stealth skill increases to level 3!
You have reached level 2!
You hit the kobold. Your grab misses the kobold.
You squeeze the kobold, but do no damage.
The kobold is moderately wounded.
The kobold hits you with a +0 short sword.
You are too injured to fight recklessly!
You are too injured to fight recklessly!
You are too injured to fight recklessly!
You hit the kobold but do no damage. Your grab misses the kobold.
The kobold is moderately wounded.
The kobold closely misses you.
You barely miss the kobold. You grab the kobold.
The kobold is moderately wounded.
You constrict the kobold, but do no damage.
The kobold closely misses you.
You hit the kobold but do no damage.
The kobold is moderately wounded.
You constrict the kobold, but do no damage.
The kobold hits you with a +0 short sword.
* * * LOW HITPOINT WARNING * * *
You hit the kobold but do no damage.
The kobold is moderately wounded.
You constrict the kobold.
The kobold hits you with a +0 short sword.
You die...

##)..#...)≈≈≈≈.≈≈
#..##.##.P≈≈P.P≈ #
...##.........).
#.#.#####.........
#.#. ####.........
###...##............
.........###........
........## #........
......†@# .........
#......K........>...
##.....##.........##
#...... .........#
#...... ........#
#...... #####
##..... ##..?#


You could see a kobold.

Vanquished Creatures
  A dart slug (D:1)
  A bat (D:1)
  2 jackals (D:1)
4 creatures vanquished.

Notes
Turn   | Place    | Note
-------+----------+-------------------------------------------
     0 | D:1      | ZARRMARR the Octopode Monk began the quest for the Orb.
     0 | D:1      | Reached XP level 1. HP: 16/16 MP: 1/1
    59 | D:1      | Reached XP level 2. HP: 13/21 MP: 2/2
    63 | D:1      | Slain by a kobold

Illustrated notes

Levels and vault maps discovered:
D:1:      giann_bridges, layout_rooms

Skill      XL: |  1 |
---------------+----+-----
Stealth        | 3 |  3.0
Fighting       | |  3.1
Short Blades   | |  3.1
Dodging        | |  3.1

Action                   || total
-------------------------++-------
Melee: Short sword       ||    17
       Constrict         ||     3
       Tentacles         ||     2
 Stab: Sleeping          ||     1
Dodge: Dodged            ||    15
